 Dungeon Crawl Stone Soup version 0.32-a0-126-g9fbf7fb75a (webtiles) character file.

Game seed: 8556134659832863009

4216 EnegeticOcto the Destroyer (level 10, -1/120 HPs)
             Began as an Armataur Conjurer on Feb 7, 2024.
             Was a Believer of Wu Jian.
             Slain by a wyvern (14 damage)
             ... on level 9 of the Dungeon.
             The game lasted 00:19:52 (9735 turns).

EnegeticOcto the Destroyer (Armataur Conjurer)      Turns: 9735, Time: 00:19:53

Health: -1/120     AC: 10    Str: 12    XL:     10   Next: 9%
Magic:  7/16       EV:  8    Int: 17    God:    Wu Jian [**....]
Gold:   583        SH:  4    Dex: 17    Spells: 11/18 levels left

rFire   . . .        d - +4 short sword (drain)
rCold   . . .        (no shield)
rNeg    . . .        a - +0 robe
rPois   .            (no helmet)
rElec   .            (no cloak)
rCorr   .            (no gloves)
SInv    .            y - +1 barding
Will    .....        o - amulet of regeneration Stlth
                     (no ring)
HPRegen 1.20/turn    (no ring)
MPRegen 0.15/turn

%: roll
@: berserking, very slightly contaminated, very quick
A: large, deformed body, tough skin 3, armoured tail, roll 2, large bone plates
1, agile 1
a: Renounce Religion, Wall Jump


You were on level 9 of the Dungeon.
You worshipped Wu Jian.
Wu Jian was pleased with you.
You visited 2 branches of the dungeon, and saw 10 of its levels.

You collected 583 gold pieces.

Inventory:

Hand Weapons
 d - a +4 short sword of draining (weapon)
   (You took it off a kobold on level 8 of the Dungeon)
 l - a +0 flail
   (You found it on level 3 of the Dungeon)
 s - a +1 spear of venom
   (You took it off a gnoll on level 2 of the Dungeon)
 I - a +0 dagger of draining
   (You took it off an orc wizard on level 7 of the Dungeon)
 J - a +0 short sword of electrocution
   (You took it off a kobold brigand on level 8 of the Dungeon)
Missiles
 f - 34 poisoned darts
Armour
 a - a +0 robe (worn)
 y - a +1 barding (worn)
   (You found it on level 5 of the Dungeon)
Magical Staves
 c - a staff of cold
   (You found it on level 1 of the Dungeon)
 C - a staff of alchemy
   (You found it on level 6 of the Dungeon)
Jewellery
 o - an amulet of regeneration (around neck)
   (You found it on level 4 of the Dungeon)
 z - an amulet of guardian spirit
   (You found it on level 5 of the Dungeon)
Wands
 m - a wand of flame (8) {@v4}
   (You found it on level 3 of the Dungeon)
 r - a wand of polymorph (3)
   (You found it on level 4 of the Dungeon)
 E - a wand of paralysis (3)
   (You took it off a wight on level 7 of the Dungeon)
 G - a wand of mindburst (12)
   (You found it on level 7 of the Dungeon)
Scrolls
 g - a scroll of immolation
 h - a scroll of silence {!r}
 j - 3 scrolls of blinking {@r4}
 k - a scroll of revelation {@r5 !r}
 t - a scroll of fog {!r}
 x - 2 scrolls of amnesia
 A - a scroll of vulnerability
Potions
 b - a potion of magic
 e - 2 potions of mutation
 n - a potion of ambrosia {unknown}
 p - a potion of enlightenment {unknown}
 q - 4 potions of curing {unknown}
 u - a potion of brilliance {unknown}
 v - a potion of degeneration {unknown}
 w - a potion of resistance {unknown}
 F - a potion of might {unknown}
 H - a potion of invisibility {unknown}


   Skills:
 + Level 4.6 Fighting
 + Level 1.1 Short Blades
 - Level 4.0 Armour
 + Level 2.3 Dodging
 - Level 3.0 Stealth
 + Level 4.5 Spellcasting
 + Level 8.3 Conjurations
 + Level 8.3 Translocations


You had 11 spell levels left.
You knew the following spells:

 Your Spells              Type           Power      Damage    Failure   Level
a - Magic Dart            Conj           100%       1d8       1%          1
b - Searing Ray           Conj           64%        2d6       1%          2
c - Iskenderun's Mystic   Conj/Tloc      32%        2d8       4%          4

Your spell library contained the following spells:

 Spells                   Type           Power      Damage    Failure   Level
 Necrotise                Necr           12%        1d4       16%         1
 Dimensional Bullseye     Hex/Tloc       9%         N/A       26%         4
 Fulminant Prism          Conj/Alch      9%         3d7       26%         4
 Tukima's Dance           Hex            3%         N/A       41%         3
 Vampiric Draining        Necr           3%         2d6       41%         3
 Leda's Liquefaction      Alch/Erth      1%         N/A       83%         4
 Martyr's Knell           Necr/Summ      3%         N/A       83%         4
 Curse of Agony           Necr           3%         N/A       99%         5
 Lee's Rapid Deconstruct  Erth           1%         3d4*      99%         5
 Bombard                  Conj/Erth      9%         9d2       99%         6


Dungeon Overview and Level Annotations

Branches:
Dungeon (9/15) Zot: 26948  Temple (1/1) D:5 Zot: 5964
   Lair: D:8-11         Orc: D:9-12

Altars:
Ashenzari
Dithmenos
Elyvilon
Fedhas
Gozag
Hepliaklqana
Kikubaaqudgha
Okawaru
Qazlal
Ru
Sif Muna
Uskayaw
Vehumet
Wu Jian
Xom
Yredelemnul
Zin

Shops:
D:1 (   D:2 ((

Annotations:
D:6 1 runed translucent door, exclusion: acid dragon, Crazy Yiuf
D:8 Erica, Jeremiah, Psyche
Temple 2 transporters


Innate Abilities, Weirdness & Mutations

Armour fits poorly on your strangely shaped body.
You have extremely tough skin. (AC +3)
You have a long armoured tail.
You regenerate magic and health when rolling toward enemies. (Rampage Regen)
You are partially covered in large bone plates. (SH +4)
You are agile. (Dex +4, Str/Int -1)


Message History

The mystic blast hits the manticore.
The manticore is moderately wounded.
You hear an angry hiss. x2
A wyvern comes into view.
The manticore bites you but does no damage.
The manticore closely misses you.
The manticore claws you but does no damage.
As you read the scroll labelled DAREAM BOIHURI, it crumbles to dust.
It is a scroll of enchant armour.
Your +0 barding glows green for a moment.
The vampire mosquito bites you.
The vampire mosquito draws strength from your injuries!
The manticore bites you. The manticore barely misses you. x2
The vampire mosquito closely misses you.
Okay, then.
Okay, then.
Okay, then.
Casting: Iskenderun's Mystic Blast (dangerous; 4% risk of failure)
Press: ? - help, Q - select action, (/) - cycle Dir - look around, f - activate You erupt in a blast of force!
The mystic blast hits the vampire mosquito!
The vampire mosquito is almost destroyed.
The vampire mosquito is knocked back by the mystic blast.
The vampire mosquito slams into the stone wall!
You destroy the vampire mosquito!
The Council accepts your kill.
The mystic blast hits the manticore!
The manticore is heavily wounded.
The manticore is knocked back by the mystic blast.
You hear a shout!
The manticore flicks its tail.
The volley of spikes skewers you.
The barbed spikes become lodged in your body.
The killer bee barely misses you.
You hear a roar!
You hear an angry buzzing noise.
The barbs in your skin will harm you if you move.
Continue?
You roll towards the manticore!
The barbed spikes dig painfully into your body as you move.
You lunge at the manticore.
You hit the manticore. You drain the manticore.
The manticore is heavily wounded.
You spin and attack the killer bee.
You completely miss the killer bee.
The killer bee is heavily wounded.
You barely miss the manticore. You tail-slap the manticore!
The manticore is severely wounded.
The killer bee stings you but does no damage.
The manticore bites you but does no damage.
You block the manticore's attack. The manticore claws you.
The killer bee stings you but does no damage.
Okay, then.
A red film seems to cover your vision as you go berserk!
You feel yourself moving faster!
You feel mighty! The killer bee barely misses you.
An orc wizard comes into view. It is wielding a +0 dagger.
The manticore bites you! The manticore claws you!
* * * LOW HITPOINT WARNING * * *
The manticore claws you but does no damage.
The wyvern bites you!
* * * LOW HITPOINT WARNING * * *
The killer bee barely misses you.
You puncture the manticore! You drain the manticore.
You kill the manticore!
The Council accepts your kill. The killer bee barely misses you.
The wyvern bites you but does no damage.
The centaur warrior shoots an arrow.
The arrow hits you but does no damage.
Your Short Blades skill increases to level 1!
You have reached level 10!
You closely miss the killer bee.
The killer bee is heavily wounded.
The killer bee stings you.
* * * LOW HITPOINT WARNING * * *
You block the wyvern's attack.
A basilisk comes into view.
You closely miss the killer bee.
The killer bee is heavily wounded.
The basilisk hisses angrily.
The killer bee barely misses you. The wyvern bites you!
* * * LOW HITPOINT WARNING * * *
You closely miss the killer bee.
Your tail-slap misses the killer bee.
The killer bee is heavily wounded.
You rip and tear the barbed spikes from your body.
The killer bee closely misses you.
You puncture the centaur warrior!
The centaur warrior is lightly wounded.
The killer bee stings you.
* * * LOW HITPOINT WARNING * * *
The wyvern barely misses you.
The killer bee stings you but does no damage.
You hit the centaur warrior. You drain the centaur warrior.
The centaur warrior is heavily wounded.
The wyvern bites you.
* * * LOW HITPOINT WARNING * * *
An orc warrior comes into view. It is wielding a +0 glaive.
The centaur warrior unwields a +0 shortbow.
The centaur warrior closely misses you. You block the centaur warrior's attack.
The killer bee stings you but does no damage.
You barely miss the centaur warrior.
The centaur warrior is heavily wounded.
The wyvern bites you!
You die...

..o. #.). .# #
#.⌠l#### #..#
c.#.).#..# .#..#
........ .....
...o.###.....
##ck†...## ......
#.@y.....# ......
#..#..#..# ....#
####..#######...#
#[.#..#..#..#..#
#........#.....#
##......###....#
.....###.......#
...... #......###
#...#. #..#...#
##


You could see a centaur warrior (drained), a basilisk, an orc warrior, a wyvern,
a killer bee and an orc wizard.

Vanquished Creatures
  A manticore (D:9)
  A hornet (D:8)
  Sigmund (D:2)
  A yak (D:8)
  4 vampire mosquitoes
  A water moccasin (D:8)
  Duvessa (D:5)
  2 sky beasts
  3 ice beasts
  A centaur (D:8)
  An ogre (D:4)
  A phantom (D:5)
  3 kobold brigands
  2 bullfrogs
  2 scorpions (D:4)
  A gnoll sergeant (D:8)
  9 wights
  Dowan (D:5)
  A killer bee (D:9)
  3 howler monkeys (D:7)
  A jelly (D:6)
  5 hounds
  3 orc priests (D:7)
  Jessica (D:2)
  3 iguanas
  3 sleepcaps
  4 orc wizards
  Terence (D:2)
  6 gnolls
  5 adders
  2 white imps
  A dart slug (D:2)
  3 ribbon worms (D:4)
  23 orcs
  6 ball pythons
  2 bats (D:2)
  3 endoplasms
  2 giant cockroaches
  6 goblins
  12 hobgoblins
  15 kobolds
  A quokka (D:4)
  4 frilled lizards
  4 rats
156 creatures vanquished.

Notes
Turn   | Place    | Note
-------+----------+-------------------------------------------
     0 | D:1      | EnegeticOcto the Armataur Conjurer began the quest for the
                  | Orb.
     0 | D:1      | Reached XP level 1. HP: 14/14 MP: 3/3
     2 | D:1      | Noticed a demonspawn
     2 | D:1      | Noticed a merfolk
     4 | D:1      | Noticed a draconian
     4 | D:1      | Noticed a felid
     6 | D:1      | Noticed a vampire
     6 | D:1      | Noticed a spriggan
     8 | D:1      | Noticed a djinni
    10 | D:1      | Noticed a demigod
    10 | D:1      | Noticed an armataur
    12 | D:1      | Noticed a human
    14 | D:1      | Noticed a minotaur
    16 | D:1      | Noticed a formicid
    16 | D:1      | Noticed a troll
    18 | D:1      | Noticed a barachi
    18 | D:1      | Noticed an octopode
    20 | D:1      | Noticed a gargoyle
    20 | D:1      | Noticed an oni
    22 | D:1      | Noticed a naga
    24 | D:1      | Noticed a tengu
    24 | D:1      | Noticed an elf
    26 | D:1      | Noticed a ghoul
    26 | D:1      | Noticed a vine stalker
   378 | D:1      | Reached skill level 2 in Spellcasting
   446 | D:1      | Reached XP level 2. HP: 20/20 MP: 1/5
   583 | D:1      | Found Xumawn's Weapon Shop.
   788 | D:2      | Learned a level 2 spell: Searing Ray
   907 | D:2      | Found Metask's Weapon Shop.
   909 | D:2      | Noticed Terence
   940 | D:2      | Noticed Sigmund
  1005 | D:2      | Reached skill level 3 in Stealth
  1036 | D:2      | Found Linut's Weapon Boutique.
  1040 | D:2      | Noticed Jessica
  1043 | D:2      | Killed Jessica
  1044 | D:2      | Reached skill level 4 in Conjurations
  1044 | D:2      | Reached XP level 3. HP: 26/26 MP: 0/6
  1775 | D:2      | HP: 1/26 [hobgoblin (3)]
  1776 | D:2      | Gained mutation: You are agile. (Dex +4, Str/Int -1)
                  | [potion of mutation]
  1776 | D:2      | Gained mutation: You are partially covered in large bone
                  | plates. (SH +4) [potion of mutation]
  2092 | D:3      | Reached XP level 4. HP: 28/33 MP: 1/7
  2185 | D:3      | Reached skill level 5 in Conjurations
  2328 | D:3      | Found a faded altar of an unknown god.
  2775 | D:4      | Noticed a scorpion
  2780 | D:4      | Killed a scorpion
  2781 | D:4      | Reached XP level 5. HP: 38/38 MP: 4/9
  2908 | D:4      | Reached skill level 3 in Spellcasting
  3046 | D:4      | Reached XP level 6. HP: 44/45 MP: 2/10
  3357 | D:4      | Found an iron altar of Okawaru.
  3771 | D:4      | Reached skill level 6 in Conjurations
  4209 | D:2      | Killed Terence
  4316 | D:5      | Entered Level 5 of the Dungeon
  4319 | D:5      | Found a staircase to the Ecumenical Temple.
  4330 | Temple   | Found a transporter.
  4330 | Temple   | Found a transporter.
  4330 | Temple   | Found a transporter.
  4330 | Temple   | Found a transporter.
  4330 | Temple   | Entered the Ecumenical Temple
  4336 | Temple   | Learned a level 4 spell: Iskenderun's Mystic Blast
  4351 | Temple   | Became a worshipper of the Wu Jian Council
  4382 | D:5      | Reached skill level 4 in Spellcasting
  4469 | D:5      | Found an ancient bone altar of Kikubaaqudgha.
  4483 | D:5      | Gained mutation: You regenerate magic and health when
                  | rolling toward enemies. (Rampage Regen) [Armataur growth]
  4483 | D:5      | Reached XP level 7. HP: 50/50 MP: 6/13
  4520 | D:5      | Reached skill level 1 in Translocations
  4722 | D:5      | Noticed Duvessa
  4722 | D:5      | Noticed Dowan
  4739 | D:5      | Killed Duvessa
  4740 | D:5      | Reached skill level 2 in Translocations
  4750 | D:5      | Killed Dowan
  4900 | D:5      | You fall into a shaft and drop 3 floors!
  5082 | D:5      | Reached skill level 7 in Conjurations
  5082 | D:5      | Reached skill level 3 in Translocations
  5410 | D:6      | Reached XP level 8. HP: 46/58 MP: 4/14
  5547 | D:6      | Reached skill level 1 in Fighting
  5547 | D:6      | Reached skill level 1 in Armour
  5648 | D:6      | Found a shimmering blue altar of Sif Muna.
  5721 | D:6      | Reached skill level 4 in Translocations
  5814 | D:6      | Reached skill level 2 in Armour
  5838 | D:6      | Reached * piety under Wu Jian
  6160 | D:6      | Found a runed translucent door.
  6161 | D:6      | Noticed Crazy Yiuf
  6876 | D:2      | Killed Sigmund
  6877 | D:2      | Reached skill level 2 in Fighting
  7061 | D:7      | Found a hide-covered altar of Uskayaw.
  7075 | D:6      | Reached skill level 3 in Armour
  7689 | D:7      | Reached skill level 5 in Translocations
  7693 | D:7      | Reached skill level 3 in Fighting
  7693 | D:7      | Reached skill level 4 in Armour
  7693 | D:7      | Reached skill level 8 in Conjurations
  7693 | D:7      | Reached XP level 9. HP: 69/69 MP: 13/15
  7796 | D:7      | Reached skill level 6 in Translocations
  8032 | D:7      | Reached skill level 4 in Fighting
  8073 | D:7      | Found an opulent altar of Gozag.
  8103 | D:7      | Found a stormy altar of Qazlal.
  8103 | D:7      | Found a sacrificial altar of Ru.
  8108 | D:7      | Found a glowing silver altar of Zin.
  8137 | D:7      | Reached skill level 7 in Translocations
  8513 | D:8      | Noticed Jeremiah
  8690 | D:8      | Noticed Psyche
  8898 | D:8      | Paralysed by a hornet for 3 turns
  8903 | D:8      | Reached skill level 8 in Translocations
  9083 | D:8      | Reached ** piety under Wu Jian
  9299 | D:8      | Reached skill level 2 in Dodging
  9664 | D:8      | Noticed Erica
  9720 | D:9      | Noticed a manticore
  9721 | D:9      | Noticed a centaur warrior
  9729 | D:9      | Killed a manticore
  9730 | D:9      | Reached skill level 1 in Short Blades
  9730 | D:9      | Reached XP level 10. HP: 27/80 MP: 6/16
  9735 | D:9      | Slain by a wyvern

Illustrated notes

Levels and vault maps discovered:
D:1:      kb_arrival_jail, layout_loops_ring, serial_shops, shop
D:2:      layout_rooms, serial_shops, shop, shop, kennysheep_cluttered_room,
          dreamdust_wishing_well, uniq_terence, uniq_jessica, uniq_sigmund
D:3:      layout_rooms, shapermc_ecumenical_altar_mp_ritualfount
D:4:      minmay_skewed_foursquare, layout_basic, mainiacjoe_overflow_24_doors
D:5:      layout_cave_pools, nicolae_kikubaaqudgha_miasma_corner,
          minmay_temple_entry_large_hall, serial_bayou_pond_d, uniq_duvessa
D:6:      layout_basic, mainiacjoe_overflow_paths,
          chequers_serial_rivers_room_a, uniq_crazy_yiuf_cottage
D:7:      layout_loops_ring, grunt_gozag_statues, mainiacjoe_overflow_catwalk,
          chequers_temple_overflow_statue_of_worship
D:8:      layout_rooms, dreamdust_gnoll_shepherd, uniq_erica, uniq_jeremiah,
          uniq_psyche
D:9:      hangedman_cross_cluster, layout_rooms, lair_entry_dummy
Temple:   hellmonk_temple_divided_pantheon

Skill      XL: |  1  2  3  4  5  6  7  8  9 |
---------------+----------------------------+-----
Spellcasting   | 2 3 4 |  4.5
Stealth        | 3 |  3.0
Conjurations   | 4 5 6 7 8 |  8.3
Translocations | 3 5 8 |  8.3
Fighting       | 3 4 |  4.6
Armour         | 4 |  4.0
Dodging        | 2 |  2.3
Short Blades   | 1 |  1.1

Action                     |  1- 3 |  4- 6 |  7- 9 | 10-12 || total
---------------------------+-------+-------+-------+-------++-------
  Melee: Unarmed           |    14 |       |       |       ||    14
         Flail             |     6 |     4 |       |       ||    10
         Tailslap          |     1 |     2 |    24 |       ||    27
         Spear             |       |     4 |    96 |       ||   100
         Punch             |       |       |     6 |       ||     6
         Short sword       |       |       |    36 |     6 ||    42
  Throw: Dart              |       |     6 |       |       ||     6
   Cast: Magic Dart        |    50 |    36 |    40 |       ||   126
         Searing Ray       |     4 |    24 |    45 |       ||    73
         Iskenderun's Myst |       |       |    34 |       ||    34
Ability: Lunge             |       |       |    38 |       ||    38
         Whirlwind         |       |       |     6 |       ||     6
  Evoke: Wand              |       |       |     3 |       ||     3
    Use: Potion            |     2 |       |     2 |       ||     4
         Scroll            |     1 |     3 |    10 |       ||    14
   Stab: Paralysed         |       |       |     2 |       ||     2
 Armour: Robe              |    28 |    21 |   203 |     7 ||   259
  Dodge: Dodged            |    14 |    15 |    91 |     4 ||   124
  Block: Other             |     2 |     1 |    32 |     2 ||    37

Table legend: (Time is in decaauts)
 A = Elapsed time spent in this place.
 B = Non-inter-level travel time spent in this place.
 C = Inter-level travel time spent in this place.
 D = Time resting spent in this place.
 E = Time spent auto-exploring this place.
 F = Levels seen in this place.
 G = Mean time per level.
                   A        B        C        D        E       F      G
               +--------+--------+--------+--------+--------+-----+--------+
         Total |   9767 |   9039 |    728 |   1888 |   5528 |  10 |  976.7 |
       Dungeon |   9732 |   9004 |    728 |   1888 |   5528 |   9 | 1081.3 |
        Temple |     35 |     35 |      0 |      0 |      0 |   1 |   35.0 |
               +--------+--------+--------+--------+--------+-----+--------+

Top non-repeatable levels by time:
     D:4: 1685 daAuts
     D:6: 1620 daAuts
     D:7: 1488 daAuts
     D:2: 1430 daAuts
     D:5: 1050 daAuts
     D:8: 1043 daAuts
     D:1: 784 daAuts
     D:3: 578 daAuts
     D:9: 51 daAuts
  Temple: 35 daAuts

Table legend:
 A = Kills in this place as a percentage of kills in the entire game.
 B = Kills by you in this place as a percentage of kills by you in the entire game.
 C = Kills by friends in this place as a percentage of kills by friends in the entire game.
 D = Other kills in this place as a percentage of other kills in the entire game.
 E = Experience gained in this place as a percentage of experience gained in the entire game.
 F = Experience gained in this place divided by the number of levels of this place that you have seen.
                   A       B       C       D       E      F
               +-------+-------+-------+-------+-------+----------------------
         Total | 100.0 | 100.0 |   N/A |   N/A | 100.0 | 602.3
       Dungeon | 100.0 | 100.0 |   N/A |   N/A | 100.0 | 669.2
               +-------+-------+-------+-------+-------+----------------------
